AoeStats
← tjmsky

Arabia

506620385Analyzed
1v1 RM · 18d ago on Sep 14, 2026· 47m 8s· 2 players
Game mode
Random Map
Map size
Tiny (2 player)
Population
200
Speed
Normal
Resources
Standard
Victory
Conquest
Starting age
Dark Age
Ending age
Imperial Age
RankedLock teamsTeams togetherTeam positionsShared explorationLock speedFull tech treeHidden civsTurbo modeCheats
Victory
Defeat
🇵🇹 Franks · Portugal
1045
+14
🇭🇰 Chinese · Hong Kong SAR China
1005
-24
tjmsky
0:32 Loom
10:14 Feudal Age
17:20 Padded Archer Armor
17:34 Fletching
22:53 Wheelbarrow
25:00 Castle Age
25:36 Scale Barding Armor
26:48 Crossbowman
29:22 Pikeman
30:26 Gold Mining
30:28 Stone Mining
30:24 Double-Bit Axe
33:10 Bloodlines
37:03 Leather Archer Armor
Laton
7:01 Loom
10:02 Feudal Age
15:05 Double-Bit Axe
18:36 Fletching
18:46 Padded Archer Armor
25:12 Castle Age
24:39 Forging
24:34 Scale Barding Armor
28:59 Iron Casting
28:57 Husbandry
31:18 Bow Saw
31:51 Gold Mining
31:33 Pikeman
32:17 Scale Mail Armor
32:48 Squires
33:24 Chain Barding Armor
35:04 Wheelbarrow
36:46 Gold Shaft Mining
36:02 Stone Mining
37:41 Hand Cart
39:29 Chain Mail Armor
46:12 Murder Holes
50:08 Imperial Age
Connection lost

Rejoining the realm…

Still unreachable

The connection could not be restored.

Session expired

The server has moved on; the page needs a fresh start.